 Dungeon Crawl Stone Soup version 0.30-a0-737-gf23d94013f (webtiles) character file.

Game seed: 2173738374114575323

1460 zero the Magician (level 8, -2/48 HPs)
             Began as a Deep Elf Earth Elementalist on Feb 2, 2023.
             Was a Follower of Vehumet.
             Succumbed to a kobold brigand's curare-tipped dart
             ... on level 6 of the Dungeon.
             The game lasted 00:06:11 (5203 turns).

zero the Magician (Deep Elf Earth Elementalist)     Turns: 5203, Time: 00:06:12

Health: -2/48      AC:  8    Str:  5    XL:     8   Next: 48%
Magic:  15/19      EV: 14    Int: 29    God:    Vehumet [*.....]
Gold:   257        SH:  0    Dex: 15    Spells: 13/20 levels left

rFire   + . .      SeeInvis .    h - +3 shortbow
rCold   + . .      Faith    .    (shield currently unavailable)
rNeg    . . .      Spirit   .    a - +2 robe
rPois   .          Reflect  .    (no helmet)
rElec   .          Harm     .    f - scarf {rC+ rF+}
rCorr   .          Rampage  .    (no gloves)
Will    .....                    (no boots)
Stlth   ++                       d - amulet of magic regeneration
HPRegen 0.28/turn                B - +6 ring of intelligence
MPRegen 0.56/turn                A - +4 ring of protection

@: lethally poisoned (-2 -> -37), slowed, very slow
A: no striking features
a: Renounce Religion


You were on level 6 of the Dungeon.
You worshipped Vehumet.
Vehumet was aware of your devotion.
You visited 1 branch of the dungeon, and saw 6 of its levels.

You collected 257 gold pieces.

Inventory:

Hand Weapons
 h - a +3 shortbow (weapon)
 k - a +0 short sword of venom
Missiles
 i - a throwing net
Armour
 a - a +2 robe (worn)
 f - a scarf of resistance (worn)
Jewellery
 c - an amulet of reflection
 d - an amulet of magic regeneration (around neck)
 j - a ring of protection from cold
 A - a +4 ring of protection (right hand)
 B - a +6 ring of intelligence (left hand)
Wands
 b - a wand of quicksilver (8)
 t - a wand of mindburst (11)
 w - a wand of flame (18)
Scrolls
 l - 2 scrolls of identify
 m - a scroll of acquirement {unknown}
 r - 2 scrolls of teleportation
Potions
 e - 3 potions of curing
 g - 2 potions of brilliance
 n - 2 potions of haste
 o - 3 potions of heal wounds
 p - 2 potions of mutation {unknown}
 q - a potion of might {unknown}
 s - a potion of degeneration {unknown}
 z - a potion of berserk rage {unknown}


   Skills:
 + Level 4.3 Fighting
 + Level 4.7 Dodging
 - Level 3.0 Stealth
 + Level 6.6 Spellcasting
 + Level 4.5 Conjurations
 - Level 1.1 Transmutations
 + Level 4.5 Ice Magic
 + Level 4.5 Earth Magic


You had 13 spell levels left.
You knew the following spells:

 Your Spells              Type           Power      Damage    Failure   Level
a - Sandblast             Erth           70%        2d15      1%          1
b - Stone Arrow           Conj/Erth      72%        3d11      2%          3
c - Frozen Ramparts       Ice            72%        1d11      2%          3

Your spell library contained the following spells:

 Spells                   Type           Power      Damage    Failure   Level
 Kiss of Death            Conj/Necr      88%        2d12      1%          1
 Freeze                   Ice            100%       1d10      1%          1
 Passwall                 Tmut/Erth      20%        N/A       2%          2
 Hailstorm                Conj/Ice       36%        3d9       2%          3
 Necrotise                Necr           36%        1d5       5%          1
 Cigotuvi's Dreadful Rot  Necr/Pois/Air  18%        N/A       9%          2
 Poisonous Vapours        Pois/Air       18%        N/A       9%          2
 Mephitic Cloud           Conj/Pois/Air  18%        N/A       9%          3
 Gell's Gravitas          Tloc           9%         N/A       16%         3
 Teleport Other           Tloc           9%         N/A       16%         3
 Vampiric Draining        Necr           9%         2d6       16%         3
 Petrify                  Tmut/Erth      25%        N/A       17%         4
 Agony                    Necr           9%         N/A       83%         5
 Dispersal                Tloc           4%         N/A       100%        6


Dungeon Overview and Level Annotations

Branches:
Dungeon (6/15)             Temple (0/1) D:4

Altars:
Hepliaklqana
Sif Muna
Vehumet
Wu Jian
Yredelemnul

Shops:
D:2 [   D:4 [


Message History

You shoot an arrow.
The arrow barely misses the kobold brigand.
The arrow hits the kobold!
You kill the kobold!
Vehumet accepts your kill.
You feel extremely sick.
The kobold brigand throws a curare-tipped dart.
The curare-tipped dart hits you.
You are more poisoned.
You have difficulty breathing.
You feel as though you will be slow longer.
You are too injured to fight recklessly!
You are too injured to fight recklessly!
You are too injured to fight recklessly!
You are too injured to fight recklessly!
You are too injured to fight recklessly!
Casting: Sandblast (safe; 1% risk of failure)
Confirm with . or Enter, or press ? or * to list all spells.
Aiming: Stone Arrow (dangerous; 2% risk of failure)
Press: ? - help, Shift-Dir - straight line, f/p - kobold brigand
Aim: a kobold brigand, wielding a +0 short sword and quivering curare-tipped darts (67% to hit)
The stone arrow hits the kobold brigand!
The kobold brigand is moderately wounded.
You feel extremely sick.
The kobold brigand throws a curare-tipped dart.
The curare-tipped dart hits you.
You are more poisoned.
You have difficulty breathing.
* * * LOW HITPOINT WARNING * * *
You feel as though you will be slow longer.
Casting: Stone Arrow (dangerous; 2% risk of failure)
Confirm with . or Enter, or press ? or * to list all spells.
Aiming: Stone Arrow (dangerous; 2% risk of failure)
Press: ? - help, Shift-Dir - straight line, f/p - kobold brigand
Aim: a kobold brigand, wielding a +0 short sword and quivering curare-tipped darts (moderately wounded, 67% to hit)
The stone arrow hits the kobold brigand!!
You kill the kobold brigand!
Vehumet accepts your kill.
You feel your power returning.
You die...

# ... ... .... .).#
#)$# ##### #).# ##
####...######..#
.#####...........@..#
...................##
..........##########
.........##
####....## # ##...# #
#...# ## #...# .#
#...#


There were no monsters in sight!

Vanquished Creatures
  Sigmund (D:4)
  Edmund (D:6)
  A water moccasin (D:5)
  2 black bears (D:5)
  A centaur (D:5)
  A kobold brigand (D:6)
  3 scorpions (D:5)
  4 wights
  A howler monkey (D:5)
  A jelly (D:6)
  An orc priest (D:5)
  2 iguanas
  4 orc wizards
  4 gnolls
  7 adders
  An ufetubus (D:5)
  A worm (D:3)
  2 dart slugs
  9 orcs
  2 ball pythons
  3 endoplasms
  2 giant cockroaches (D:3)
  3 goblins
  8 hobgoblins
  8 jackals (D:1)
  10 kobolds
  3 quokkas
  7 bats
  2 frilled lizards
  5 rats
100 creatures vanquished.

Notes
Turn   | Place    | Note
-------+----------+-------------------------------------------
     0 | D:1      | zero the Deep Elf Earth Elementalist began the quest for
                  | the Orb.
     0 | D:1      | Reached XP level 1. HP: 10/10 MP: 6/6
    66 | D:1      | Reached skill level 1 in Fighting
   136 | D:1      | Reached XP level 2. HP: 14/16 MP: 6/8
   774 | D:1      | Reached XP level 3. HP: 3/20 MP: 7/9
   778 | D:1      | Learned a level 3 spell: Stone Arrow
   782 | D:1      | Learned a level 3 spell: Frozen Ramparts
  1333 | D:2      | Reached skill level 1 in Conjurations
  1411 | D:2      | Found Yrphaynukh's Armour Shoppe.
  1642 | D:2      | Reached XP level 4. HP: 24/26 MP: 11/11
  2202 | D:3      | Found a hazy altar of Hepliaklqana.
  2262 | D:3      | Reached skill level 4 in Spellcasting
  2267 | D:3      | Reached skill level 1 in Ice Magic
  2569 | D:3      | Found a radiant altar of Vehumet.
  2584 | D:3      | Became a worshipper of Vehumet
  2785 | D:4      | Reached XP level 5. HP: 30/30 MP: 11/13
  2800 | D:4      | Found an ornate altar of the Wu Jian Council.
  2829 | D:4      | Identified the +4 ring mail of Summer {Will++}
  2838 | D:4      | Found Deint's Armour Shoppe.
  2869 | D:4      | Noticed Sigmund
  2875 | D:4      | Killed Sigmund
  2876 | D:4      | Reached XP level 6. HP: 27/36 MP: 0/14
  2940 | D:4      | Found a basalt altar of Yredelemnul.
  3395 | D:4      | Found a staircase to the Ecumenical Temple.
  3639 | D:5      | Entered Level 5 of the Dungeon
  3641 | D:5      | Noticed a water moccasin
  3654 | D:5      | Killed a water moccasin
  3733 | D:5      | Reached skill level 5 in Spellcasting
  3737 | D:5      | Reached XP level 7. HP: 17/41 MP: 7/16
  4234 | D:5      | Reached skill level 6 in Spellcasting
  4403 | D:5      | Found a shimmering blue altar of Sif Muna.
  4440 | D:5      | Reached * piety under Vehumet
  4440 | D:5      | Offered knowledge of Kiss of Death by Vehumet.
  4541 | D:5      | Reached XP level 8. HP: 47/48 MP: 19/19
  4816 | D:6      | Noticed Edmund
  4935 | D:6      | Killed Edmund
  5203 | D:6      | Succumbed to a kobold brigand's curare-tipped dart

Illustrated notes

Levels and vault maps discovered:
D:1:      eino_arrival_cavern_c, layout_basic, serial_forest,
          infiniplex_forest_straight_2, infiniplex_forest_zigzag_2,
          infiniplex_forest_lined_room_2, infiniplex_forest_clump_curved,
          infiniplex_forest_straight_5, infiniplex_forest_lined_3,
          infiniplex_forest_clump_double, infiniplex_forest_clump_curved
D:2:      layout_basic, serial_shops, nicolae_shop_stone, minmay_cut_off
D:3:      layout_loops_ring, mainiacjoe_overflow_concentric_impassable,
          vehumet_altar_wand_db, kennysheep_boxes
D:4:      layout_rooms, mainiacjoe_overflow_small_starburst,
          nzn_wu_jian_council_hall, temple_doors_e, serial_shops,
          nicolae_shop_temple_entry_statues_fountains, uniq_sigmund
D:5:      layout_basic, lemuel_blue_sif_altar, item_on_display_a
D:6:      layout_layer_cave, kennysheep_mini_moat, uniq_grinder, uniq_edmund

Skill      XL: |  1  2  3  4  5  6  7  8 |
---------------+-------------------------+-----
Fighting       | 1 2 3 4 |  4.3
Conjurations   | 1 2 4 |  4.5
Spellcasting   | 4 5 6 |  6.6
Ice Magic      | 1 2 4 |  4.5
Dodging        | 3 4 |  4.7
Earth Magic    | 4 |  4.5
Stealth        | 3 |  3.0
Transmutations | |  1.1

Action                     |  1- 3 |  4- 6 |  7- 9 || total
---------------------------+-------+-------+-------++-------
  Melee: Whip              |    17 |       |       ||    17
         Short sword       |    24 |     7 |       ||    31
         Punch             |     3 |       |       ||     3
   Fire: Shortbow          |       |       |    26 ||    26
   Cast: Sandblast         |    50 |    40 |    21 ||   111
         Stone Arrow       |       |    23 |    29 ||    52
    Use: Potion            |       |     2 |     1 ||     3
         Scroll            |       |       |    13 ||    13
   Stab: Sleeping          |     1 |       |       ||     1
 Armour: Robe              |    10 |     3 |    16 ||    29
  Dodge: Dodged            |    52 |    31 |    58 ||   141

Table legend: (Time is in decaauts)
 A = Elapsed time spent in this place.
 B = Non-inter-level travel time spent in this place.
 C = Inter-level travel time spent in this place.
 D = Time resting spent in this place.
 E = Time spent auto-exploring this place.
 F = Levels seen in this place.
 G = Mean time per level.
                   A        B        C        D        E       F      G
               +--------+--------+--------+--------+--------+-----+--------+
         Total |   5274 |   5114 |    160 |   1096 |   3306 |   6 |  879.0 |
       Dungeon |   5274 |   5114 |    160 |   1096 |   3306 |   6 |  879.0 |
               +--------+--------+--------+--------+--------+-----+--------+

Top non-repeatable levels by time:
     D:1: 1195 daAuts
     D:5: 1172 daAuts
     D:3: 1069 daAuts
     D:2: 790 daAuts
     D:4: 759 daAuts
     D:6: 287 daAuts
